[Event "VII Copa Marcel Duchamp 2024"]
[Site "Montevideo"]
[Date "2024.02.05"]
[Round "4.3"]
[White "Salinas Herrera, Pablo"]
[Black "Andrews, Todd"]
[Result "1-0"]
[ECO "C18"]
[WhiteElo "2477"]
[BlackElo "2133"]
[Annotator "TA"]
[PlyCount "135"]
[EventDate "2024.02.05"]
[EventType "swiss"]
[EventCountry "URU"]
[SourceTitle "playchess.com"]
[Source "ChessBase"]
[SourceQuality "1"]
[TimeControl "5400+30"]

1. e4 e6 2. d4 d5 3. Nc3 Bb4 4. e5 c5 5. a3 Bxc3+ 6. bxc3 Ne7 7. Qg4 Qc7 8. Bd3 cxd4 9. Ne2 dxc3 10. Qxg7 Rg8 11. Qxh7 Qxe5 12. h4 Nd7 13. Bf4 Qf6 14. Bg5 Qg7 15. Qxg7 Rxg7 16. Nf4 Rg8 17. Nh5 Rh8 18. Nf6+ Kf8 19. h5 Ng8 20. Nxg8 Kxg8 21. Be7 f6 (21... b6 $11) 22. f4 (22. O-O-O $1 $16) 22... Kf7 (22... f5 $1 $11) 23. Bb4 $16 d4 24. Bg6+ Kg7 25. O-O-O e5 26. Rhe1 Nf8 27. Bxf8+ Rxf8 28. fxe5 fxe5 29. Rxe5 Bg4 30. Rde1 (30. Rxd4 $2 {leads to mate.} Rf1+) 30... Kh6 31. Bd3 Rf2 (31... Rg8 $11 {keeps the balance.}) 32. Rd5 ({Better is} 32. Re7 $1 $16 {[%cal Re7h7] Rh7+ is the strong threat.} Rh8 33. Rxb7) 32... Rxg2 {[%emt 0:01:34] [#]} 33. Rd6+ (33. Rxd4 Kxh5 34. Rd5+ Kh4 $14) ({White should play} 33. Kb1 $1 $16) 33... Kxh5 $11 34. Rh1+ Kg5 35. Rg6+ Kf4 36. Rf1+ Ke5 37. Rg5+ Kd6 38. Be4 Rg3 39. Rd5+ Ke6 40. Rxd4 Ke5 41. Rd3 Rxd3 42. cxd3 Rc8 43. Rf7 Rc5 44. Rxb7 Ra5 45. Rb3 (45. Rg7 $5 Kf4 $8 46. Re7 $16) 45... Kd4 46. Kc2 Rc5 47. Rb4+ Ke3 48. Bg6 Bf3 49. Bf7 Ra5 50. Rb3 Kd4 ({Reject} 50... Rf5 51. Bc4 $16) 51. Rxc3 Rc5 (51... Ra6 $11 {should be considered.}) 52. Rxc5 $14 Kxc5 53. Kc3 Bc6 54. d4+ Kb5 $1 55. d5 ({White should try} 55. Bb3 $14 Bb7 56. a4+ Kc6 57. Kb4) 55... Bd7 $11 56. Kd4 Ka4 57. Be6 Be8 58. d6 Kxa3 59. Kc5 a5 60. Bd5 (60. Bc4 $5 Bd7 $8 61. Bd5 $11) 60... a4 61. Bc6 Bxc6 62. Kxc6 Kb2 $1 63. d7 (63. Kc5 $5 a3 $8 64. d7 $11) 63... a3 64. d8=Q (64. Kd5 $5 a2 $8 65. d8=Q $11) 64... a2 65. Qb6+ Ka1 $2 {[%emt 0:00:02][%mdl 8192] [#]} (65... Kc2 $11) 66. Kb5 $1 Kb2 67. Kc4+ Kc1 68. Kb3 1-0

[Event "VII Copa Marcel Duchamp 2024"]
[Site "Montevideo"]
[Date "2024.02.06"]
[Round "5.1"]
[White "Meier, Georg"]
[Black "Krysa, Leandro"]
[Result "1-0"]
[ECO "D02"]
[WhiteElo "2620"]
[BlackElo "2541"]
[Annotator "RC"]
[PlyCount "99"]
[EventDate "2024.02.05"]
[EventType "swiss"]
[EventCountry "URU"]
[SourceTitle "playchess.com"]
[Source "ChessBase"]
[SourceQuality "1"]
[TimeControl "5400+30"]

1. Nf3 d5 2. g3 Nc6 3. d4 Bf5 4. Bg2 Nb4 5. Na3 e6 6. O-O Be7 7. Ne5 Nf6 8. c3 Nc6 9. Qa4 O-O 10. Nxc6 bxc6 11. Qxc6 Rb8 12. c4 Qc8 13. cxd5 exd5 14. Nb1 Re8 15. a3 Bd6 16. Bg5 Ne4 17. Bc1 h5 18. Qxd5 h4 19. Bf3 c6 20. Qc4 Bh3 21. Rd1 hxg3 22. hxg3 Qf5 23. Qd3 Bg4 24. Nc3 Nxc3 25. bxc3 Qxd3 26. Rxd3 Bxf3 27. Rxf3 Rxe2 28. Bf4 Bxf4 29. Rxf4 Rbb2 30. c4 g6 31. Rd1 Rbd2 32. Rb1 Rb2 33. Rxb2 Rxb2 34. Rf6 Rd2 35. Rd6 Kf8 36. c5 Ke7 37. Kf1 a5 38. Ke1 Ra2 39. Rxc6 Rxa3 40. Ke2 Kd7 41. Rf6 a4 42. Rxf7+ Kc6 43. Rf6+ Kb5 44. Rxg6 Rc3 45. Kd2 Rf3 46. Ke2 Rc3 47. Rb6+ Kc4 48. c6 a3 49. c7 Kxd4 50. Ra6 1-0

[Event "VII Copa Marcel Duchamp 2024"]
[Site "Montevideo"]
[Date "2024.02.05"]
[Round "5.2"]
[White "Hoffman, Alejandro"]
[Black "Salinas Herrera, Pablo"]
[Result "1/2-1/2"]
[ECO "D30"]
[WhiteElo "2358"]
[BlackElo "2477"]
[Annotator "TA"]
[PlyCount "23"]
[EventDate "2024.02.05"]
[EventType "swiss"]
[EventCountry "URU"]
[SourceTitle "playchess.com"]
[Source "ChessBase"]
[SourceQuality "1"]
[TimeControl "5400+30"]

1. d4 d5 2. c4 c6 3. Nf3 Nf6 4. e3 e6 5. Nbd2 Nbd7 6. Bd3 Be7 7. O-O O-O 8. b3 b6 9. Bb2 Bb7 10. Qe2 Qc7 11. Rad1 Rad8 12. Ne5 {[%emt 0:05:29] A rather calm draw.   Weighted Error Value: White=0.10 (very precise) /Black=0.18 (very precise)} 1/2-1/2

[Event "VII Copa Marcel Duchamp 2024"]
[Site "Montevideo"]
[Date "2024.02.06"]
[Round "5.3"]
[White "Tristan, Leonardo"]
[Black "Mussanti, Diego"]
[Result "1-0"]
[ECO "D02"]
[WhiteElo "2515"]
[BlackElo "2202"]
[Annotator "TA"]
[PlyCount "103"]
[EventDate "2024.02.05"]
[EventType "swiss"]
[EventCountry "URU"]
[SourceTitle "playchess.com"]
[Source "ChessBase"]
[SourceQuality "1"]
[TimeControl "5400+30"]

1. d4 d5 2. Nf3 Nf6 3. c3 c5 4. dxc5 e6 5. Be3 a5 {[%emt 0:05:55] [#]} 6. c4 $1 Na6 7. cxd5 Bxc5 8. Bxc5 {[%emt 0:13:09] White is slightly better.} Nxc5 {[%emt 0:00:14] [#]} 9. Nc3 (9. dxe6 $1 $16 Qxd1+ 10. Kxd1) 9... exd5 10. e3 O-O 11. Be2 Qb6 12. Qd2 Nce4 13. Nxe4 dxe4 14. Nd4 Bg4 15. O-O Bxe2 16. Qxe2 Rac8 17. Rac1 Rc5 18. Rxc5 Qxc5 19. Qd2 Rc8 20. Nb3 Qe5 21. Rc1 ({Much worse is} 21. Nxa5 Ng4 22. g3 Qh5 $11) 21... Rxc1+ 22. Qxc1 $11 {[%emt 0:00:04][%mdl 4096] Endgame. KQN-KQN} h5 23. Qc8+ Kh7 24. Nd4 Qd5 25. Qf5+ Kg8 $1 26. Qxd5 Nxd5 {[%emt 0:00:07] KN-KN} 27. Kf1 g6 28. Nb5 f5 29. Ke2 Nb4 30. Nd6 b6 31. a3 Nd3 32. Nc4 b5 33. Nxa5 Nxb2 34. f3 Kf7 35. fxe4 fxe4 36. Kd2 Nd3 (36... Ke6 $11) 37. Nc6 $14 Nb2 38. Kc3 Nc4 {[%emt 0:00:18] [#]} 39. a4 $1 Nxe3 (39... Ke6 40. Kd4) 40. axb5 {[%emt 0:00:35] aiming for Kd4.} Ke6 41. Kd4 Nf5+ {[%emt 0:00:08] This costs Black the game.} (41... Nxg2 $14 42. b6 (42. Kxe4 Kd6 $14) 42... e3) 42. Kxe4 $18 {[%emt 0:00:46] And now Nd4+ would win.} Nd6+ {[%emt 0:00:07] [#]} 43. Kf4 $1 {[%emt 0:00:02] Hoping for b6.} Kf6 $2 (43... Nxb5 44. Kg5 h4) 44. b6 g5+ 45. Kf3 Nb7 {[%emt 0:00:35] Prevents Nd8.} 46. Ke4 Ke6 47. Nd4+ Kf6 48. Kd5 {[%emt 0:00:08] White mates.} g4 49. Kc6 Na5+ 50. Kc7 h4 51. Nc6 Nb3 52. Kd6 {[%emt 0:00:13] Weighted Error Value: White=0.06 (flawless) /Black=0.34.  Loses game:     	---       	Black=1      Mistake:       	White=1     	Black=2      Inaccurate:     	White=2     	Black=2      OK:         	White=14    	Black=13     Best:        	White=5     	Black=2      Strong:       	White=1     	Black=1      Brilliant:      	White=1     	---} 1-0

[Event "VII Copa Marcel Duchamp 2024"]
[Site "Montevideo"]
[Date "2024.02.07"]
[Round "6.1"]
[White "Salinas Herrera, Pablo"]
[Black "Meier, Georg"]
[Result "0-1"]
[ECO "C11"]
[WhiteElo "2477"]
[BlackElo "2620"]
[Annotator "TA"]
[PlyCount "74"]
[EventDate "2024.02.05"]
[EventType "swiss"]
[EventCountry "URU"]
[SourceTitle "playchess.com"]
[Source "ChessBase"]
[SourceQuality "1"]
[TimeControl "5400+30"]

1. e4 e6 2. d4 d5 3. Nc3 Nf6 4. e5 Nfd7 5. f4 c5 6. Nf3 Be7 7. Be3 O-O 8. Ne2 Qb6 {[%emt 0:04:30] The position is equal.} 9. Rb1 Qa5+ 10. c3 Qxa2 11. h4 Nc6 12. Ng5 f6 13. Nc1 (13. Nxe6 $11 Ndxe5 14. Nxf8) 13... Qxb1 $17 14. Bd3 {[%emt 0:00:00] [#]} Qxd3 15. Nxd3 {[%emt 0:00:00][%cal Od1h5] And now Qh5! would win.} fxg5 16. hxg5 g6 {[%emt 0:08:24] Dodges Qh5} 17. Qg4 {[%emt 0:00:00] [#]} (17. dxc5 $17 {keeps fighting.} b6 18. Qg4 Nxc5 (18... bxc5 $2 19. Qxe6+ Kg7 20. Qxc6 $18) 19. Nf2) 17... cxd4 $1 $19 18. Qh3 Rf7 (18... dxe3 19. Qxh7#) 19. f5 (19. cxd4 $17 Nf8 20. Nf2) 19... Nf8 (19... dxe3 $2 {loses.} 20. fxg6 (20. fxe6 Nf8 $15) 20... Rg7 21. Qxe6+ Kh8 22. Rxh7+ Rxh7 23. gxh7 $16) (19... gxf5 $2 20. g6 dxe3 (20... Rg7 21. gxh7+ Kh8 22. Bh6 $18) 21. gxf7+ Kxf7 22. Qxh7+ (22. Qxe3 Nf8 $17) 22... Ke8 23. Qg7 $18) 20. fxg6 Nxg6 21. cxd4 Nb4 22. Nf2 Nc2+ 23. Kd1 Nxe3+ 24. Qxe3 {[%emt 0:00:00] [#]} Rxf2 25. Qxf2 $17 {[%emt 0:00:00][%cal Oh1h7] Rxh7! would now be deadly.} Bd7 $1 (25... Bxg5 $2 {perishes.} 26. Rf1 Bf4 27. g3 $18) 26. Rh3 Rc8 27. Qe3 Ba4+ 28. b3 Be8 {[%emt 0:00:08] Black is more active.} 29. Rh6 (29. Qd2 $17) 29... Nf8 30. Rf6 (30. Qd2 {might work better.}) 30... Bg6 31. Qh3 Rc6 32. Rf3 (32. Ke1 $142) 32... Bb4 $19 {[%emt 0:00:30] A strong pair of Bishops.} ({Much less strong is} 32... Bxg5 33. Rc3) 33. Rf2 {[%emt 0:00:56] Prevents Bc2+.} a5 {[%emt 0:01:17] aiming for ...b5.} 34. Rf6 $2 (34. Qg4) 34... b5 {[%emt 0:00:24] Black is clearly winning.} 35. Rf2 a4 36. bxa4 bxa4 {[%emt 0:00:06] Strongly threatening ...a3.} 37. Ra2 Rc3 {[%emt 0:00:31] Weighted Error Value: White=0.49/Black=0.13 (very precise) .  Mistake:       	White=7     	Black=1      Inaccurate:     	White=2     	Black=1      OK:         	White=10    	Black=14     Best:        	White=3     	Black=4      Strong:       	---       	Black=1      Brilliant:      	---       	Black=1} 0-1

[Event "VII Copa Marcel Duchamp 2024"]
[Site "Montevideo"]
[Date "2024.02.07"]
[Round "6.2"]
[White "Schnaider, Ilan"]
[Black "Tristan, Leonardo"]
[Result "0-1"]
[ECO "C45"]
[WhiteElo "2323"]
[BlackElo "2515"]
[Annotator "TA"]
[PlyCount "110"]
[EventDate "2024.02.05"]
[EventType "swiss"]
[EventCountry "URU"]
[SourceTitle "playchess.com"]
[Source "ChessBase"]
[SourceQuality "1"]
[TimeControl "5400+30"]

1. e4 e5 2. Nf3 Nc6 3. d4 exd4 4. Nxd4 Bb4+ 5. c3 Bc5 6. Be3 Bb6 7. Nf5 d6 8. Nxg7+ Kf8 {[%emt 0:00:11] [#] ...Bxe3 would now be deadly.} 9. Bxb6 axb6 {[%emt 0:00:06] White is better.} 10. Nh5 Nf6 11. Nxf6 Qxf6 12. Nd2 h5 13. Qf3 Qh6 14. Bc4 Ne5 15. Qe2 h4 16. O-O-O (16. f3 $16) 16... h3 $1 $11 17. gxh3 Qf4 18. Kb1 Rxh3 19. f3 {[%emt 0:00:45] Against Bg4} Nxf3 20. Qg2 {[%emt 0:04:56] [#]} Bg4 {[%emt 0:05:30] Active counter play!} (20... Nxh2 21. Rdf1 Nxf1 22. Rxf1 $16) (20... Qg4 $1 $17 21. Qe2 Ne5) 21. Rhf1 (21. Ka1 $15) 21... Rxh2 $17 22. Rxf3 Rxg2 23. Rxf4 Bxd1 24. Rxf7+ Ke8 {[%emt 0:00:05] And now ...b5 would win.} 25. Rxc7 Rxd2 26. Kc1 Rh2 27. Kxd1 Rxb2 {[%emt 0:00:38][%mdl 4096] Endgame. KRR-KRB} 28. Kc1 Rf2 {[%emt 0:01:20] Hoping for ...Ra5.} 29. Bd5 Ra5 ({Better is} 29... Ra3 $17 {Strongly threatening ...Kd8.} 30. Kb1 Ra5 31. Rxb7 Rb5+ 32. Kc1 Rbb2) 30. Rxb7 $15 Rc5 31. c4 Ra5 32. a4 Kf8 (32... Rxa4 $2 {is the wrong capture.} 33. Bc6+ (33. Rxb6 $2 {loses.} Ra1+ 34. Rb1 Rf1+ 35. Kc2 Raxb1 $19) 33... Kd8 34. Bxa4 $18) 33. Rb8+ Kg7 34. Rxb6 $2 {[%emt 0:00:09][%mdl 8192] This costs White the game.} (34. Rb7+ $15 Kg6 35. Kb1 (35. Rxb6 $2 {too greedy.} Kf6 $17)) 34... Rxa4 $19 35. Kb1 {[%emt 0:00:04] Repels Ra1+} Raa2 36. Rb7+ Kh6 37. Rf7 Rfb2+ 38. Kc1 Rh2 39. Kb1 {[%emt 0:00:23] Against Ra1+} Rae2 40. Rf1 {[%emt 0:00:17] Against Re1+} Kg5 41. Rf5+ Kg4 42. Rf1 {[%emt 0:00:02] Inhibits Re1+.} Kg3 43. Rg1+ Kf4 44. Rf1+ Ke5 45. Rg1 Kd4 {[%emt 0:00:26] Black mates.} 46. Rd1+ Kc3 47. Rc1+ Kb4 48. Rg1 Rb2+ 49. Kc1 Rb3 50. Rg6 Re3 51. Rg1 Ka3 52. Rf1 Rc3+ 53. Kb1 Rb2+ 54. Ka1 Ra2+ 55. Kb1 Rb3+ {[%emt 0:00:03] Weighted Error Value: White=0.46/Black=0.14 (very precise) .  Loses game:     	White=1     	---        Mistake:       	White=2     	Black=2      Inaccurate:     	White=3     	---        OK:         	White=14    	Black=8      Best:        	White=5     	Black=10     Strong:       	---       	Black=1} 0-1

[Event "VII Copa Marcel Duchamp 2024"]
[Site "Montevideo"]
[Date "2024.02.07"]
[Round "6.3"]
[White "Krysa, Leandro"]
[Black "Roselli Mailhe, Bernardo"]
[Result "1/2-1/2"]
[ECO "E61"]
[WhiteElo "2541"]
[BlackElo "2364"]
[Annotator "TA"]
[PlyCount "116"]
[EventDate "2024.02.05"]
[EventType "swiss"]
[EventCountry "URU"]
[SourceTitle "playchess.com"]
[Source "ChessBase"]
[SourceQuality "1"]
[TimeControl "5400+30"]

1. Nf3 Nf6 2. c4 g6 3. Nc3 Bg7 4. d4 O-O 5. Bg5 h6 6. Bh4 c5 7. d5 d6 8. e3 Na6 9. Be2 Nc7 10. a4 g5 11. Bg3 Nh5 12. Nd2 Nxg3 13. hxg3 b6 14. g4 e6 15. Bf3 exd5 16. Nxd5 Bb7 17. Nxc7 Qxc7 18. Qc2 Rad8 19. Ne4 {[%emt 0:15:18][%cal Oe4f6,Bd2e4,Be4c3,Bc3d5][%mdl 32] [#] Nf6+! is the strong threat.} Rfe8 ({Avoid the trap} 19... d5 $2 20. Nf6+ (20. Nxg5 Rfe8 $16) 20... Bxf6 21. Rxh6 $18) 20. Nc3 Bxf3 21. gxf3 a6 (21... Bxc3+ $142 22. Qxc3 Re6) 22. Nd5 $16 Qb7 23. Rd1 b5 24. axb5 axb5 25. b3 bxc4 26. bxc4 Rb8 27. O-O Qb2 28. Qf5 Qe5 (28... Qe2 $11) 29. Qd3 {[%emt 0:05:44] White is more active.} (29. Qxe5 {simplifies} Bxe5 30. Kg2 Rb2 31. Rb1) 29... Rb7 $1 30. Rd2 ({White should try} 30. Kg2 $16) 30... Ra8 31. Rfd1 Qe6 32. Kg2 Qg6 33. Qxg6 fxg6 34. f4 Ra4 35. fxg5 hxg5 36. Rc2 Kf7 37. Kf3 Ke6 38. Ke4 Rb2 39. Rdc1 Rxc2 40. Rxc2 $11 {[%emt 0:00:02][%mdl 4096] Endgame. KRB-KRN} Be5 41. Nc7+ Kd7 42. Nd5 Ke6 43. f3 Bg7 44. Nc7+ Kd7 45. Nd5 {[%emt 0:00:33] [#] Threatens to win with Nb6+.} Ke6 46. f4 gxf4 47. Nxf4+ Kf7 48. g5 Be5 {[%emt 0:01:51] The position is equal.} 49. Kd5 Ra3 50. Rf2 Bxf4 51. Rxf4+ {[%emt 0:00:17] KR-KR} Ke7 52. Rf6 Rxe3 53. Rxg6 Rd3+ 54. Kc6 Rd4 55. Kb5 Kf7 56. Rf6+ Kg7 57. Re6 Kf7 58. Rf6+ Kg7 {[%emt 0:00:03] Weighted Error Value: White=0.12 (very precise) /Black=0.09 (flawless) .  Mistake:       	White=1     	Black=2      Inaccurate:     	White=7     	Black=3      OK:         	White=17    	Black=18     Best:        	White=1     	Black=8      Strong:       	---       	Black=1} 1/2-1/2

[Event "VII Copa Marcel Duchamp 2024"]
[Site "Montevideo"]
[Date "2024.02.08"]
[Round "7.1"]
[White "Meier, Georg"]
[Black "Tristan, Leonardo"]
[Result "1/2-1/2"]
[ECO "E05"]
[WhiteElo "2620"]
[BlackElo "2515"]
[Annotator "TA"]
[PlyCount "34"]
[EventDate "2024.02.05"]
[EventType "swiss"]
[EventCountry "URU"]
[SourceTitle "playchess.com"]
[Source "ChessBase"]
[SourceQuality "1"]
[TimeControl "5400+30"]

1. Nf3 d5 2. g3 Nf6 3. Bg2 e6 4. O-O Be7 5. c4 O-O 6. d4 dxc4 7. Qc2 a6 8. a4 Bd7 9. Ne5 Bc6 10. Nxc6 Nxc6 11. e3 Na5 12. Nd2 c5 13. dxc5 Rc8 14. b4 cxb3 15. Nxb3 Nxb3 {[%emt 0:09:40] The position is equal.} 16. Qxb3 Nd7 17. Ba3 Nxc5 {[%emt 0:02:50] An uneventful encounter.   OK:         	---       	Black=1      Best:        	---       	Black=1} 1/2-1/2

[Event "VII Copa Marcel Duchamp 2024"]
[Site "Montevideo"]
[Date "2024.02.08"]
[Round "7.2"]
[White "Acosta, Pablo Ismael"]
[Black "Carbone, Diego"]
[Result "1-0"]
[ECO "C68"]
[WhiteElo "2479"]
[BlackElo "2275"]
[Annotator "TA"]
[PlyCount "107"]
[EventDate "2024.02.05"]
[EventType "swiss"]
[EventCountry "URU"]
[SourceTitle "playchess.com"]
[Source "ChessBase"]
[SourceQuality "1"]
[TimeControl "5400+30"]

1. e4 e5 2. Nf3 Nc6 3. Bb5 a6 4. Bxc6 dxc6 5. d4 exd4 6. Qxd4 Qxd4 7. Nxd4 Bd6 8. Nc3 Ne7 9. Be3 f5 10. O-O-O O-O (10... f4 $5 11. Bd2 $8 O-O $11) 11. f3 {[%emt 0:09:18] The position is equal.} fxe4 12. Nxe4 Nd5 13. Bf2 Nf4 14. Bg3 Nxg2 15. Nxd6 cxd6 16. Bxd6 Re8 17. Rhg1 Ne3 18. Rde1 {[%emt 0:02:04] Strongly threatening Bf4.} Bd7 {[%emt 0:01:53] Black is weak on the dark squares} 19. Nb3 b6 20. Bf4 Nd5 21. Be5 Re7 22. Bd6 Rxe1+ 23. Rxe1 Re8 24. Rxe8+ Bxe8 $11 {[%emt 0:00:02][%mdl 4096] Endgame. KBN-KBN} 25. Kd2 Kf7 26. c4 Nf6 27. Bc7 b5 28. Kc3 ({Better is} 28. Nc5 $16) 28... bxc4 29. Kxc4 Ke7 30. Kc5 Kd7 {[%emt 0:01:26] [#]} (30... Nd7+ $14 31. Kxc6 Ne5+ 32. Kb6 Nd3) 31. Be5 $1 $16 Bf7 32. Bxf6 gxf6 {[%emt 0:02:01] [#] KB-KN} 33. Kb6 $1 {[%emt 0:02:46] Hoping for Nc5+.} Bc4 $2 {[%emt 0:01:29][%mdl 8192] This costs Black the game.} (33... f5 $16 {is more resistant.}) 34. Nc5+ $18 Kd6 35. a4 (35. Nxa6 Bxa2 36. f4 Bc4 $11) (35. Nb7+ Ke5 $11) 35... Ke5 (35... a5 $142 36. Nb7+ Kd5 37. Nxa5 (37. Kxa5 Be2 $16) 37... Ba2) 36. Nxa6 ({And not} 36. Kxc6 Kf4 $11) 36... Kf4 37. Nb4 Kxf3 38. Nxc6 Kg2 39. Kc5 Bf1 40. b4 Kxh2 41. b5 {[%emt 0:00:28] White wants to mate with b6.} f5 42. a5 (42. b6 $142 Ba6 43. Nb4) 42... f4 43. Ne5 {[%emt 0:04:02] aiming for a6.} ({Less strong is} 43. a6 f3 $16) 43... Bg2 44. a6 {[%emt 0:00:28] White mates.} f3 {[%emt 0:00:30] [#]} 45. Nxf3+ $1 Bxf3 {[%emt 0:00:02] KB-KPP} (45... Kh3 46. Ne1) 46. b6 h5 47. b7 Bxb7 48. axb7 {[%emt 0:00:03] KP-KP} h4 49. b8=Q+ ({Inferior is} 49. b8=B+ Kg2 $11) 49... Kg2 50. Qg8+ Kh2 51. Kd4 h3 52. Ke3 Kh1 53. Kf2 h2 54. Qg2# {[%emt 0:00:00] Weighted Error Value: White=0.04 (flawless) /Black=0.48.  Loses game:     	---       	Black=1      Mistake:       	White=1     	Black=2      Inaccurate:     	---       	Black=2      OK:         	White=10    	Black=8      Best:        	White=2     	Black=1      Strong:       	White=2     	---} 1-0

[Event "VII Copa Marcel Duchamp 2024"]
[Site "Montevideo"]
[Date "2024.02.08"]
[Round "7.3"]
[White "Roselli Mailhe, Bernardo"]
[Black "Garcia Palermo, Carlos Horacio"]
[Result "0-1"]
[ECO "A61"]
[WhiteElo "2364"]
[BlackElo "2403"]
[Annotator "TA"]
[PlyCount "114"]
[EventDate "2024.02.05"]
[EventType "swiss"]
[EventCountry "URU"]
[SourceTitle "playchess.com"]
[Source "ChessBase"]
[SourceQuality "1"]
[TimeControl "5400+30"]

1. d4 {[%emt 0:00:05] Marin,Mihail} c5 2. d5 Nf6 3. c4 e6 4. Nc3 exd5 5. cxd5 d6 6. Nf3 g6 7. Bf4 a6 8. a4 Bg7 9. e3 O-O 10. h3 {[%emt 0:00:17] The main line 10.h3 scores better than 10.Be2.} Re8 {[%emt 0:02:50] A61: Modern Benoni: Nf3 without early e4.} 11. Be2 Nbd7 12. Nd2 Ne5 13. O-O Nfd7 14. Bg3 f5 15. Qb3 $146 ({Predecessor:} 15. Qc2 Kh8 16. b3 Rb8 17. Nc4 Qf6 18. Rac1 b6 19. Qd2 Qe7 20. Rfe1 Nxc4 21. bxc4 {1-0 Jakovenko,D (2726)-Papaioannou,I (2622) Olympiad-39 Khanty-Mansiysk 2010 (6.1)}) 15... b6 16. Rae1 Rb8 17. f4 c4 18. Nxc4 (18. Bxc4 $2 {loses.} Nc5 19. Qa2 Nxc4 20. Nxc4 b5 21. axb5 axb5 $19) (18. Qa3 $11 Nd3 19. Bxd3 cxd3 20. e4) 18... Nc5 $17 19. Qc2 (19. Qa3 $142 Nxc4 20. Bxc4) 19... Nxc4 $17 20. Bxc4 {[%emt 0:00:04] [#]} b5 ({Black should try} 20... Bd7 $1 $17 {Threatens to win with ...b5.} 21. Be2 (21. Bd3 Qc8) 21... b5 (21... Rxe3 22. Bf2 $11) 22. axb5 axb5) 21. axb5 $15 axb5 22. Nxb5 Ba6 23. Nd4 Rxb2 24. Qxb2 Bxc4 25. Bf2 Bxf1 26. Rxf1 Qa8 27. Ra1 Qxd5 28. Qa2 Qxa2 29. Rxa2 Bxd4 30. exd4 Ne4 31. d5 Rb8 32. Bd4 Rb1+ 33. Kh2 Rd1 34. Ra8+ Kf7 35. Ra7+ Ke8 36. Ra8+ Kd7 37. Ra7+ Kc8 38. Bg1 Nf6 39. Rf7 Nxd5 40. Rxh7 Nxf4 41. Be3 Nd5 42. Bg5 Re1 43. Rg7 Re6 44. Kg3 Nc3 45. Kf3 d5 46. Be3 Nb5 47. h4 d4 48. Bf4 d3 49. Be3 Nd4+ 50. Kf2 $1 (50. Bxd4 d2 51. Rg8+ Kd7 52. Rg7+ Kc6 53. Kg3 d1=Q (53... d1=R $2 54. Ba7 $19) 54. Bf2 Qe2 55. Rf7 Qg4+ 56. Kh2 Re2 57. Rf6+ Kd5) 50... Nc2 51. Bg5 Re2+ 52. Kg3 Ne3 53. Kf3 Nxg2 54. Rxg6 Ne1+ 55. Kg3 Rg2+ 56. Kh3 $2 (56. Kf4 $11) 56... f4 57. Rg8+ Kb7 0-1

[Event "VII Copa Marcel Duchamp 2024"]
[Site "Montevideo"]
[Date "2024.02.09"]
[Round "8.1"]
[White "Garcia Palermo, Carlos Horacio"]
[Black "Meier, Georg"]
[Result "1/2-1/2"]
[ECO "A10"]
[WhiteElo "2403"]
[BlackElo "2620"]
[Annotator "TA"]
[PlyCount "144"]
[EventDate "2024.02.05"]
[EventType "swiss"]
[EventCountry "URU"]
[SourceTitle "playchess.com"]
[Source "ChessBase"]
[SourceQuality "1"]
[TimeControl "5400+30"]

1. c4 b6 2. Nc3 Bb7 3. e4 e5 4. g3 Nc6 5. Bg2 Bc5 6. Nf3 Nge7 7. d3 O-O 8. O-O d6 9. a3 a5 10. Rb1 Qd7 11. Nh4 Kh8 12. Kh1 Bd4 13. Nb5 a4 14. Qh5 Bc5 15. Bh3 Qd8 16. f4 g6 17. Qg5 f6 18. Qh6 f5 19. Bg2 Rf7 20. fxe5 dxe5 21. Bg5 Qc8 22. exf5 Nxf5 23. Nxf5 Bf8 24. Qh4 $2 (24. Nfd6 $18 {has better winning chances.} Rxf1+ 25. Rxf1 Bxh6 26. Bf6+ (26. Nxc8 Bxg5 27. Nxb6 cxb6 $14) 26... Bg7) 24... gxf5 $16 25. Bf6+ (25. Bd5 $16 Na7 26. Bf6+ Bg7 27. Bxg7+ Kxg7 28. Nxa7 Bxd5+ 29. cxd5) 25... Bg7 $14 26. Bxg7+ Kxg7 27. d4 (27. Rbe1 $16) 27... Nxd4 $11 28. Nxd4 exd4 (28... Bxg2+ {simplifies} 29. Kxg2 exd4 30. Qxd4+ Kg6) 29. Qxd4+ Kg6 30. Rbe1 c5 31. Qd3 Bxg2+ 32. Kxg2 Qc6+ {[%emt 0:00:12] [#]} 33. Rf3 (33. Qd5 $1 $16 Qxd5+ 34. cxd5) 33... Re8 $11 34. Rxe8 Qxe8 35. Re3 Qc6+ 36. Kh3 Qd7 37. Qxd7 Rxd7 38. Re6+ Kg5 39. Rxb6 Rd4 40. Kg2 Rd2+ 41. Kf3 Rxh2 42. b4 axb3 43. Rxb3 Ra2 44. Rd3 h5 45. Re3 Rc2 46. a4 Ra2 47. Re5 Ra3+ 48. Kf2 Kg4 49. Rxc5 Rxa4 50. Rc6 Ra2+ 51. Kg1 (51. Ke3 $11) 51... Kxg3 $15 52. Rg6+ Kf4 53. c5 (53. Rc6 $15) 53... Rc2 $17 54. c6 h4 55. Rf6 (55. Rg8 $17 {was necessary.}) 55... Kg4 56. Rg6+ Kf3 57. Rh6 f4 58. Rf6 Rc4 59. Kh2 Ke3 $2 (59... Kg4 $19 {...f3 would now be deadly.} 60. Rg6+ Kf5) 60. Kg2 $1 $11 Rc2+ 61. Kh3 f3 62. Kxh4 Rh2+ (62... f2 $5 63. Kg3 $8 f1=Q 64. Rxf1 Rxc6 $11) 63. Kg3 Rg2+ 64. Kh3 Rg7 65. c7 Rxc7 66. Ra6 Rc2 67. Kg3 Rg2+ 68. Kh3 Rg5 69. Ra3+ Kf2 70. Ra2+ Kg1 71. Ra1+ Kf2 72. Ra2+ Kg1 1/2-1/2